cohdb
Replays
Latest Replays
All Replays
Popular Replays
Top Player Replays
Match Explorer
How It Works
Community
CoH3 Stats
Reddit
Sign in to upload your games and track your stats! →
Sign in with Steam
Match 44154806
Unlisted
Match 44154806
Overview
Messages
Build Orders
End
Scout Squad
Construct Barracks
Riflemen Squad
Selects Heavy Weapons
Riflemen Squad
Construct Weapon Support Center
M1919 Machine Gun Team
Selects M2HB .50cal Heavy Machine Gun
Sniper
Mechanized Support Center
Construct Medical Station
M3 Armored Personnel Carrier
M3 Armored Personnel Carrier
Selects Assault Carriers
Construct Tank Depot
Engineer Squad
M4(105) Sherman Bulldozer
M3 Assault Carrier
Grenade Package
Djuren
1XStyleDE
msfayzer
Sąsiad
Oncle-Hô
Ali Zombie
0
0
Comments
sign in to comment!
No comments posted yet!